 Seeded DCSS version 0.29-a0-559-g359e09b9d1 (webtiles) character file.

Game seed: 31415926535 (custom seed)

11 donath the Sneak (level 2, -5/24 HPs)
             Began as a Demonspawn Delver on June 10, 2022.
             Slain by an iguana (8 damage)
             ... on level 3 of the Dungeon.
             The game lasted 00:06:26 (446 turns).

donath the Sneak (Demonspawn Delver)                 Turns: 446, Time: 00:06:27

Health: -5/24      AC:  3    Str: 12    XL:     2   Next: 17%
Magic:  2/2        EV: 13    Int: 11    God:
Gold:   58         SH:  0    Dex: 14    Spells: 0/1 levels left

rFire   . . .      SeeInvis .   a - +0 hand axe
rCold   . . .      Faith    .   (no shield)
rNeg    + . .      Spirit   .   b - +0 leather armour
rPois   +          Reflect  .   (no helmet)
rElec   .          Harm     .   (no cloak)
rCorr   .          Rampage  .   (no gloves)
Will    .....                   (no boots)
Stlth   ++........              (no amulet)
HPRegen 0.08/turn               k - ring "Evirhot" {rPois rN+}
MPRegen 0.08/turn               (no ring)

@: no status effects
A: repulsion field 1
a: no special abilities


You were on level 3 of the Dungeon.
You visited 1 branch of the dungeon, and saw 5 of its levels.

You collected 58 gold pieces.

Inventory:

Hand Weapons
 a - a +0 hand axe (weapon)
Missiles
 i - 9 poisoned darts (quivered)
Armour
 b - a +0 leather armour (worn)
Jewellery
 k - the ring "Evirhot" (left hand) {rPois rN+}
   (You found it on level 3 of the Dungeon)

   [ring of poison resistance]

   rPois:     It protects you from poison.
   rN:        It protects you from negative energy.
Wands
 g - a wand of digging (3)
 j - a wand of paralysis (12)
Scrolls
 c - a scroll of fog
 d - 2 scrolls of magic mapping
 e - 2 scrolls of fear
 h - a scroll of teleportation {unknown}
 l - a scroll of identify {unknown}
Potions
 f - a potion of haste


   Skills:
 - Level 3.0 Fighting
 * Level 2.5 Axes
 + Level 1.9 Dodging
 - Level 4.5 Stealth


You couldn't memorise any spells.
You knew the following spells:

 Your Spells              Type           Power      Damage    Failure   Level
a - Magic Dart            Conj           0%         1d3       41%         1

Your spell library contained the following spells:

 Spells                   Type           Power      Damage    Failure   Level
 Call Imp                 Summ           0%         N/A       56%         2
 Mephitic Cloud           Conj/Pois/Air  0%         N/A       80%         3


Dungeon Overview and Level Annotations

Branches:
Dungeon (6/15)
 Temple: D:4-7

Altars:

Shops:
D:6 *

Annotations:
D:2 Natasha


Innate Abilities, Weirdness & Mutations

You are surrounded by a mild repulsion field. (EV +2)


Message History

The ball python constricts you.
You hit the ball python.
You kill the ball python!
You see here a ball python corpse.
Found 10 gold pieces.
You now have 58 gold pieces (gained 10).
Found a stone staircase leading up.
There is a stone staircase leading up here.
There is a stone staircase leading up here.
Memorise Magic Dart, consuming 1 spell level and leaving 0?
You start memorising the spell.
You continue memorising.
You finish memorising.
Spell assigned to 'a'.
Casting: Magic Dart (safe; 41% risk of failure)
Confirm with . or Enter, or press ? or * to list all spells.
Okay, then.
Unknown command.
You climb upwards.
Level annotation: Natasha
There is a stone staircase leading down here.
A gnoll and an iguana come into view.
Found a bubbling purple potion.
The iguana hisses angrily.
The iguana attacks as you move away! The iguana bites you!
* * * LOW HITPOINT WARNING * * *
There is a stone staircase leading down here.
The iguana bites you.
* * * LOW HITPOINT WARNING * * *
You climb downwards.
You hear the sound of rushing water.
There is an entrance to a sewer on this level.
Hurry and find it before the portal rusts away!
You hear the slow rusting of a distant drain.
There is a stone staircase leading up here.
Sorry, you're not good enough to have a special ability.
Unknown command.
Aiming: Paralyse
Press: ? - help, Shift-Dir - straight line, f - iguana
Aim: an iguana (chance to affect: 57%)
The iguana resists with significant effort.
The iguana bites you!
You die...

# #........#.######.###. ####
#.######.#.##......... ##.#####
#.# #.#.#...##.###.
.......#####.#### #.#.#.#.##.# ##
†...............# #.#...#....#
#......#####.##.# #.#.#####..#
##.##### #.##.# #.#...#....# #.#
#.##.###.###.#.##.# #.#
#....@l..# #...##.# ##+##
####.##### ######.# #...## #.#
#.# .....## ###.#.## ###.# #
......######..###.# ##.#.####
.......#.......#.########........
.......'.........................
....)..#.##.....#########....###.
......##.###....# #..#.# #.


You could see an iguana.

Vanquished Creatures
  4 endoplasms
  A goblin (D:4)
  A hobgoblin (D:2)
  A kobold (D:3)
  A ball python (D:3)
  2 rats (D:3)
10 creatures vanquished.

Notes
Turn   | Place    | Note
-------+----------+-------------------------------------------
     0 | D:5      | donath the Demonspawn Delver began the quest for the Orb.
     0 | D:5      | Reached XP level 1. HP: 18/18 MP: 1/1
    72 | D:6      | Noticed an ogre
    72 | D:6      | Noticed an iguana
    78 | D:6      | Found Pockia's Assorted Antiques.
   119 | D:5      | Noticed an ogre
   215 | D:3      | Noticed a jelly
   329 | D:3      | Gained mutation: You are surrounded by a mild repulsion
                  | field. (EV +2) [demonic ancestry]
   329 | D:3      | Reached XP level 2. HP: 21/24 MP: 2/2
   333 | D:3      | Identified the ring "Evirhot" {rPois rN+}
   356 | D:2      | Noticed Natasha
   440 | D:3      | Learned a level 1 spell: Magic Dart
   446 | D:3      | Slain by an iguana

Illustrated notes

Levels and vault maps discovered:
D:2:      layout_loops_ring, uniq_crazy_yiuf_cottage, uniq_natasha
D:3:      layout_loops_corners, dk_yredelemnul_ordeal, lightli_sewer_entry_pipes
D:4:      layout_loops_ring, mainiacjoe_overflow_cross_hatched,
          chequers_ossuary_entry_cave, lightli_corner_chamber
D:5:      minmay_angry_zag, layout_basic, xom_teletrap_fun, okawaru_trees_2
D:6:      layout_gridville, nicolae_hepliaklqana_monster_ancestors,
          nicolae_uskayaw_murder_on_the_dancefloor, serial_shops, shop, shop,
          nicolae_shop_overgrown_old_shop, nicolae_shop_hallway_plus,
          nicolae_shop_hallway_stairs

Skill      XL: |  1 |
---------------+----+-----
Axes           | 2 |  2.5
Fighting       | |  3.0
Dodging        | |  1.9
Stealth        | |  4.5

Action                   || total
-------------------------++-------
Melee: Hand axe          ||    29
Evoke: Wand              ||     1
 Stab: Distracted        ||     1
       Sleeping          ||     1
Armor: Leather armour    ||     5
Dodge: Dodged            ||    10

Table legend: (Time is in decaauts)
 A = Elapsed time spent in this place.
 B = Non-inter-level travel time spent in this place.
 C = Inter-level travel time spent in this place.
 D = Time resting spent in this place.
 E = Time spent auto-exploring this place.
 F = Levels seen in this place.
 G = Mean time per level.
                   A        B        C        D        E       F      G
               +--------+--------+--------+--------+--------+-----+--------+
         Total |    451 |    451 |      0 |      0 |      0 |   5 |   90.2 |
       Dungeon |    451 |    451 |      0 |      0 |      0 |   5 |   90.2 |
               +--------+--------+--------+--------+--------+-----+--------+

Top non-repeatable levels by time:
     D:3: 233 daAuts
     D:5: 100 daAuts
     D:4: 64 daAuts
     D:6: 28 daAuts
     D:2: 23 daAuts
